 Dungeon Crawl Stone Soup version 0.31-a0-188-g5e087ee2ca (webtiles) character file.

Game seed: 17783405984053602753

342 qw the Skirmisher (level 6, 0/36 HPs)
             Began as a Deep Elf Hunter on June 23, 2023.
             Succumbed to a scorpion's poison
             ... on level 4 of the Dungeon.
             The game lasted 00:01:10 (2710 turns).

qw the Skirmisher (Deep Elf Hunter)                 Turns: 2710, Time: 00:01:11

Health: 0/36       AC:  6    Str: 10    XL:     6   Next: 30%
Magic:  8/8        EV: 11    Int: 14    God:
Gold:   188        SH:  0    Dex: 18    Spells: 5/5 levels left

rFire   + . .        Y - +0 shortbow
rCold   . . .        (shield currently unavailable)
rNeg    . . .        h - +0 ring mail
rPois   .            i - +0 helmet
rElec   .            (no cloak)
rCorr   .            (no gloves)
SInv    .            (no boots)
Will    .....        (no amulet)
Stlth   +            a - ring of protection from fire
HPRegen 0.26/turn    (no ring)
MPRegen 0.11/turn

%: no passive effects
@: lethally poisoned (0 -> -11)
A: no striking features
a: no special abilities


You were on level 4 of the Dungeon.
You visited 1 branch of the dungeon, and saw 4 of its levels.
You also visited: Sewer.

You collected 188 gold pieces.


   Skills:
 - Level 2.3 Fighting
 + Level 9.6 Ranged Weapons
 - Level 2.4 Dodging
 - Level 1.2 Stealth


You had 5 spell levels left.
You didn't know any spells.
Your spell library was empty.

Inventory:

Hand Weapons
 Y - a +0 shortbow (weapon)
Armour
 h - a +0 ring mail (worn)
 i - a +0 helmet (worn)
Jewellery
 a - a ring of protection from fire (left hand)
 k - a +6 ring of dexterity
Scrolls
 b - 3 scrolls of identify
 f - 3 scrolls of teleportation
Potions
 c - a potion of heal wounds
 d - 4 potions of enlightenment
 e - a potion of might
 g - a potion of curing {unknown}
 j - a potion of mutation {unknown}

Dungeon Overview and Level Annotations

Branches:
Dungeon (4/15)              Sewer (visited)
 Temple: D:4-7

Altars:
Qazlal
Yredelemnul


Message History

You shoot an arrow.
The arrow hits the scorpion but does no damage.
The scorpion is heavily wounded.
The scorpion misses you. The scorpion stings you.
You shoot an arrow. The arrow barely misses the scorpion.
The scorpion closely misses you.
You shoot an arrow. The arrow hits the scorpion.
The scorpion is heavily wounded.
The scorpion stings you.
You shoot an arrow. The arrow hits the scorpion.
The scorpion is severely wounded.
The scorpion stings you but does no damage.
You shoot an arrow. The arrow barely misses the scorpion.
The scorpion stings you.
You are poisoned.
The scorpion poisons you!
The scorpion stings you but does no damage.
You shoot an arrow. The arrow hits the scorpion.
The scorpion is severely wounded.
You feel very sick. The scorpion stings you.
You are more poisoned.
The scorpion poisons you!
You shoot an arrow. The arrow hits the scorpion.
The scorpion is severely wounded.
You feel very sick. The scorpion stings you.
You shoot an arrow. The arrow hits the scorpion.
The scorpion is almost dead.
You feel very sick. The scorpion stings you.
You are lethally poisoned!
The scorpion poisons you! The scorpion misses you.
You shoot an arrow. The arrow hits the scorpion.
You kill the scorpion!
You feel very sick.
There is a lethal amount of poison in your body!
You feel very sick.
There is a lethal amount of poison in your body!
You die...

##......# #......##
##......# #
##.....#####
##....#....
######.....#### .
#####......##.##
....##......########
.......@#####
....##### ###


There were no monsters in sight!

Vanquished Creatures
  A scorpion (D:4)
  A howler monkey (D:4)
  Jessica (D:2)
  A sickly merfolk siren (Sewer)
  A malarious merfolk avatar (Sewer)
  3 river rats (Sewer)
  6 adders
  A worm (D:2)
  A dart slug (D:1)
  2 orcs (D:3)
  5 endoplasms
  5 giant cockroaches
  12 goblins
  3 hobgoblins (D:2)
  2 jackals (D:2)
  3 quokkas
  7 ball pythons
  5 bats
  10 frilled lizards
  5 kobolds
  24 rats
99 creatures vanquished.

Notes
Turn   | Place    | Note
-------+----------+-------------------------------------------
     0 | D:1      | qw the Deep Elf Hunter began the quest for the Orb.
     0 | D:1      | Reached XP level 1. HP: 12/12 MP: 3/3
     0 | D:1      | 0 ||| qw: Version: 0.3-a-9-g12657ce
     0 | D:1      | 0 ||| qw: Game counter: 3996
     0 | D:1      | 0 ||| qw: Always use a shield: true
     0 | D:1      | 0 ||| qw: God list: Okawaru
     0 | D:1      | 0 ||| qw: Allow faded altars: false
     0 | D:1      | 0 ||| qw: Do Orc after D:15 true
     0 | D:1      | 0 ||| qw: Do second Lair branch before Depths: true
     0 | D:1      | 0 ||| qw: Lair rune preference: random
     0 | D:1      | 0 ||| qw: Plans: Normal
     0 | D:1      | 0 ||| PLANNING D:1-11
   255 | D:1      | Reached skill level 6 in Ranged Weapons
   255 | D:1      | Reached XP level 2. HP: 16/16 MP: 4/4
   418 | D:1      | Found a faded altar of an unknown god.
   697 | D:1      | 697 ||| UPGRADING to +0 ring mail.
   707 | D:1      | 707 ||| DROPPING +0 leather armour.
   708 | D:1      | 708 ||| UPGRADING to +0 helmet.
   713 | D:1      | 713 ||| READING scroll labelled HAAFAC UDETARU.
   714 | D:1      | 714 ||| READING scroll labelled ADWEFI LOGIST.
   717 | D:1      | 717 ||| READING scroll labelled VAUBBIU LYAKEE.
   718 | D:1      | 718 ||| DROPPING scroll of butterflies.
   862 | D:2      | Identified the +4 short sword "Othrapra" {vamp, Dex+2}
   872 | D:2      | Reached XP level 3. HP: 18/20 MP: 5/5
   949 | D:2      | Noticed Jessica
   953 | D:2      | Killed Jessica
   954 | D:2      | Reached skill level 7 in Ranged Weapons
   954 | D:2      | Reached XP level 4. HP: 25/25 MP: 6/6
  1294 | D:2      | 1294 ||| DROPPING ring of wizardry.
  1321 | D:3      | 1321 ||| PLANNING SEWER
  1375 | D:3      | Found a glowing drain.
  1427 | D:3      | 1427 ||| UPGRADING to ring of protection from fire.
  1428 | D:3      | 1428 ||| DRINKING 2 grey potions.
  1449 | D:3      | Reached skill level 8 in Ranged Weapons
  1455 | Sewer    | Entered a sewer
  1458 | Sewer    | 1458 ||| Stepping ~*~*~tactically~*~*~ (water).
  1539 | Sewer    | Reached XP level 5. HP: 29/29 MP: 7/7
  1573 | Sewer    | 1573 ||| Stepping ~*~*~tactically~*~*~ (water).
  1575 | Sewer    | 1575 ||| Stepping ~*~*~tactically~*~*~ (water).
  1577 | Sewer    | 1577 ||| Stepping ~*~*~tactically~*~*~ (water).
  1579 | Sewer    | 1579 ||| Stepping ~*~*~tactically~*~*~ (water).
  1581 | Sewer    | 1581 ||| Stepping ~*~*~tactically~*~*~ (water).
  1657 | Sewer    | 1657 ||| FLEEEEING.
  1689 | Sewer    | 1689 ||| Stepping ~*~*~tactically~*~*~ (water).
  1698 | Sewer    | 1698 ||| Stepping ~*~*~tactically~*~*~ (water).
  1701 | Sewer    | 1701 ||| Stepping ~*~*~tactically~*~*~ (water).
  1714 | Sewer    | Reached skill level 9 in Ranged Weapons
  1788 | Sewer    | 1788 ||| READING 2 scrolls of identify.
  1788 | Sewer    | 1788 ||| IDENTIFYING fizzy red potion
  1802 | D:3      | 1802 ||| PLANNING D:1-11
  1823 | D:3      | Identified the +7 hand axe of the Unseen Realm {heavy,
                  | Will+}
  2294 | D:3      | Identified the +0 spear of the Hurting Sybil {freeze,
                  | Int+4}
  2344 | D:3      | Found a stormy altar of Qazlal.
  2483 | D:4      | Reached XP level 6. HP: 35/36 MP: 8/8
  2498 | D:4      | Found a basalt altar of Yredelemnul.
  2708 | D:4      | HP: 6/36 [poisoned by a scorpion]
  2710 | D:4      | Succumbed to a scorpion's poison

Levels and vault maps discovered:
D:1:      dpeg_arrival_boxes_within_box, layout_loops_ring,
          ebering_ecumenical_altar_sacrificial, chequers_serial_rivers_micro_b
D:2:      layout_rooms, st_stairs_3, minmay_door_square,
          minmay_misc_feat_pillars, uniq_jessica
D:3:      layout_loops_ring, mainiacjoe_overflow_alcove_2,
          gup_sewer_entry_glass, serial_bayou_pond_c, nrook_uturn,
          supply_closet_lemuel
D:4:      layout_cave_pods, yredelemnul_altar_generic, uniq_natasha, uniq_ijyb

Skill      XL: |  1  2  3  4  5 |
---------------+----------------+-----
Ranged Weapons | 6 7 8 9 |  9.6
Fighting       | 2 |  2.3
Dodging        | |  2.4
Stealth        | |  1.2

Action                     |  1- 3 |  4- 6 || total
---------------------------+-------+-------++-------
   Fire: Shortbow          |    70 |   193 ||   263
    Use: Scroll            |     3 |     1 ||     4
         Potion            |       |     1 ||     1
 Armour: Leather armour    |     3 |       ||     3
         Ring mail         |     3 |    14 ||    17
  Dodge: Dodged            |    10 |    42 ||    52

Table legend:
 A = Non-vault XP
 B = Vault XP
 C = Vault XP percentage of total XP
 D = Non-vault monster count
 E = Vault monster count
 F = Vault count percentage of total count
                 A         B        C        D         E       F
            +---------+---------+-------+---------+---------+-------
      Total |     281 |     208 |  42.5 |      55 |      44 |  44.4
            +---------+---------+-------+---------+---------+-------
        D:1 |      26 |       0 |   0.0 |      17 |       0 |   0.0
        D:2 |      49 |      40 |  44.9 |      13 |       3 |  18.8
        D:3 |      42 |      15 |  26.3 |      17 |       2 |  10.5
        D:4 |     164 |       0 |   0.0 |       8 |       0 |   0.0
      Sewer |       0 |     153 | 100.0 |       0 |      39 | 100.0
            +---------+---------+-------+---------+---------+-------
